 Dungeon Crawl Stone Soup version 0.29.1-14-g9c671dbff4 (webtiles) character file.

Game seed: 12655445312594781722

42 Kangrisorn the Trooper (level 3, -1/33 HPs)
             Began as a Minotaur Fighter on Feb 13, 2023.
             Slain by an orc
             ... wielding a +0 club
              (4 damage)
             ... on level 3 of the Dungeon.
             The game lasted 00:03:32 (1592 turns).

Kangrisorn the Trooper (Minotaur Fighter)           Turns: 1592, Time: 00:03:33

Health: -1/33      AC:  8    Str: 22    XL:     3   Next: 33%
Magic:  2/2        EV:  9    Int:  5    God:
Gold:   98         SH:  4    Dex:  9    Spells: 2/2 levels left

rFire   . . .      SeeInvis .   a - +0 war axe
rCold   . . .      Faith    .   c - +0 buckler
rNeg    . . .      Spirit   .   b - +0 scale mail
rPois   .          Reflect  .   (helmet restricted)
rElec   .          Harm     .   (no cloak)
rCorr   .          Rampage  .   (no gloves)
Will    .....                   k - +0 pair of boots
Stlth   ..........              (no amulet)
HPRegen 0.11/turn               (no ring)
MPRegen 0.08/turn               (no ring)

@: no status effects
A: horns 2, retaliatory headbutt
a: no special abilities


You were on level 3 of the Dungeon.
You visited 1 branch of the dungeon, and saw 3 of its levels.

You collected 98 gold pieces.

Inventory:

Hand Weapons
 a - a +0 war axe (weapon)
 n - a +1 hand axe of flaming
Missiles
 g - 4 boomerangs of dispersal (quivered)
Armour
 b - a +0 scale mail (worn)
 c - a +0 buckler (worn)
 k - a +0 pair of boots (worn)
Scrolls
 e - a scroll of fear {unknown}
 h - a scroll of identify
 l - a scroll of enchant armour {unknown}
 m - a scroll of poison {unknown}
Potions
 d - a potion of might
 f - a potion of brilliance
 i - a potion of berserk rage
 j - a potion of curing {unknown}


   Skills:
 + Level 4.1 Fighting
 + Level 3.0 Axes
 + Level 4.1 Armour
 + Level 4.1 Shields


You had 2 spell levels left.
You didn't know any spells.
Your spell library contained the following spells:

 Spells                   Type           Power      Damage    Failure   Level
 Slow                     Hex            0%         N/A       87%         1
 Confusing Touch          Hex            0%         N/A       99%         3
 Vampiric Draining        Necr           0%         2d6       99%         3


Dungeon Overview and Level Annotations

Branches:
Dungeon (3/15)

Altars:
Sif Muna


Innate Abilities, Weirdness & Mutations

You have a pair of horns on your head.
You reflexively headbutt those who attack you in melee.


Message History

You kill the rat!
You see here a rat corpse.
You barely miss the ball python. You block the ball python's attack.
The ball python closely misses you.
The ball python bites you but does no damage.
The ball python grabs you. The ball python constricts you.
You slash the ball python!
You kill the ball python!
You see here a rat corpse.
There is an open door here.
You see here a hobgoblin corpse.
Things that are here:
a +0 kite shield; a goblin corpse
There is an open door here.
Done exploring.
Done exploring.
As you read the scroll of identify, it crumbles to dust.
i - a potion of berserk rage
There is a stone staircase leading down here.
You climb downwards.
The orc shouts! x2; The orc priest shouts!
Found a scroll of identify.
There is a stone staircase leading up here.
You see here a scroll of identify.
h - a scroll of identify The orc priest calls down the wrath of Beogh upon you.
Beogh smites you!
You hear a shout!
A jackal comes into view.
You closely miss the orc priest. You hit the orc but do no damage.
The orc closely misses you.
An orc comes into view. It is wielding a +0 mace.
You barely miss the orc priest. You barely miss the orc. You hit the orc.
The orc priest calls down the wrath of Beogh upon you.
Pain shoots through your body!
* * * LOW HITPOINT WARNING * * *
The orc hits you with a +0 mace.
* * * LOW HITPOINT WARNING * * *
The orc hits you with a +0 club.
You die...

#... . #..# .#
#..###.##.
#..#.....
#..#.#.#..
#######.......h#
#..........#.#..
#.#####..###
#@o# #oo.......
#..#.#.###
.......
....#...#
...........
....o.. .###.
..........#


You could see an orc priest and 3 orcs.

Vanquished Creatures
  A dart slug (D:1)
  2 ball pythons
  3 endoplasms
  2 giant cockroaches
  3 goblins
  8 hobgoblins
  2 kobolds
  2 quokkas (D:1)
  4 bats
  4 frilled lizards
  4 rats
35 creatures vanquished.

Vanquished Creatures (others)
  A plant (D:1)
1 creature vanquished.

Grand Total: 36 creatures vanquished

Notes
Turn   | Place    | Note
-------+----------+-------------------------------------------
     0 | D:1      | Kangrisorn the Minotaur Fighter began the quest for the
                  | Orb.
     0 | D:1      | Reached XP level 1. HP: 19/19 MP: 0/0
   137 | D:1      | Reached XP level 2. HP: 24/27 MP: 1/1
   836 | D:2      | Reached XP level 3. HP: 33/33 MP: 2/2
   962 | D:2      | Found a shimmering blue altar of Sif Muna.
  1592 | D:3      | Slain by an orc

Illustrated notes

Levels and vault maps discovered:
D:1:      minmay_arrival_checkered_box, layout_loops_ring, serial_bayou_pond_a,
          minmay_misc_feat_encased
D:2:      minmay_wonky_spiral, layout_basic, basic_altar
D:3:      layout_loops_ring, minmay_misc_feat_enclosed

Skill      XL: |  1  2 |
---------------+-------+-----
Fighting       | 4 |  4.1
Armour         | 4 |  4.1
Shields        | 4 |  4.1
Axes           | 3 |  3.0

Action                   || total
-------------------------++-------
Melee: War axe           ||    56
       Headbutt          ||     7
  Use: Scroll            ||     2
Armor: Scale mail        ||    16
Dodge: Dodged            ||    24
Block: Buckler           ||     7
